 Dungeon Crawl Stone Soup version 0.31.0-12-g77e489cdc1 (webtiles) character file.

Game seed: 18024678166923263216

517 bearlyready the Ruffian (level 7, -1/61 HPs)
             Began as a Troll Shapeshifter on Mar 3, 2024.
             Slain by a gnoll
             ... wielding a +0 spear
             ... led by a gnoll bouda
              (6 damage)
             ... on level 4 of the Dungeon.
             The game lasted 00:02:44 (2831 turns).

bearlyready the Ruffian (Troll Shapeshifter)        Turns: 2831, Time: 00:02:45

Health: -1/61      AC:  4    Str: 25    XL:     7   Next: 0%
Magic:  6/6        EV:  9    Int:  6    God:
Gold:   234        SH:  0    Dex:  9    Spells: 6/6 levels left

rFire   . .          .
                       - Unarmed
rCold   . . .        (no shield)
rNeg    . . .        a - +0 animal skin
rPois   .            (helmet currently unavailable)
rElec   .            (cloak currently unavailable)
rCorr   .            (gloves unavailable)
SInv    .            (boots unavailable)
Will    .....        (no amulet)
Stlth   +            (no ring)
HPRegen 1.10/turn    (no ring)
MPRegen 0.10/turn

%: no passive effects
@: brilliant, beast-form
A: beast (slay +3), large, unfitting armour, claws 3, regeneration 1, shaggy fur
1, tough skin 1
a: Begin Untransformation


You were on level 4 of the Dungeon.
You were a hulking beast.
You visited 1 branch of the dungeon, and saw 4 of its levels.

You collected 234 gold pieces.

Inventory:

Armour
 a - a +0 animal skin (worn)
Talismans
 c - a beast talisman
 d - a flux talisman
Wands
 m - a wand of iceblast (4)
Scrolls
 e - 2 scrolls of immolation {unknown}
 g - a scroll of fear {unknown}
 h - a scroll of vulnerability {unknown}
 i - 2 scrolls of enchant armour {unknown}
 k - 2 scrolls of revelation {unknown}
 l - 4 scrolls of identify {unknown}
 n - a scroll of teleportation {unknown}
 q - a scroll of fog {unknown}
Potions
 f - a potion of brilliance
 j - a potion of might {unknown}
 o - 3 potions of curing
 p - a potion of ambrosia {unknown}
 r - a potion of heal wounds {unknown}


   Skills:
 - Level 0.7 Fighting
 - Level 1.5 Dodging
 + Level 6.0 Unarmed Combat
 + Level 5.6 Shapeshifting


You had 6 spell levels left.
You didn't know any spells.
Your spell library contained the following spells:

 Spells                   Type           Power      Damage    Failure   Level
 Sandblast                Erth           0%         2d4       45%         1
 Gell's Gravitas          Tloc           0%         N/A       83%         3
 Passwall                 Erth           0%         N/A       83%         3
 Stone Arrow              Conj/Erth      0%         3d7       83%         3
 Teleport Other           Tloc           0%         N/A       83%         3
 Brom's Barrelling Bould  Conj/Erth      0%         2d3       99%         4
 Dispersal                Tloc           0%         N/A       100%        6


Dungeon Overview and Level Annotations

Branches:
Dungeon (4/15)
 Temple: D:4-7

Altars:
Uskayaw


Innate Abilities, Weirdness & Mutations

You are a hulking beast.
Your limbs bulge with bestial killing power. (Slay +3)
You are too large for most types of armour.
You have claws for hands.
Your natural rate of healing is unusually fast.
You are covered in fur. (AC +1)
You have tough skin. (AC +1)


Message History

The gnoll hits you from afar with a +0 spear.
The gnoll barely misses you.
You closely miss the gnoll.
The gnoll is almost dead.
The gnoll closely misses you.
You claw the gnoll!
You kill the gnoll!
The gnoll barely misses you.
You have reached level 7!
The gnoll hits you from afar with a +0 spear.
The gnoll hits you with a +0 spear!
Things that are here:
a +0 spear; a gnoll corpse You claw the gnoll!
The gnoll is heavily wounded.
The gnoll is no longer moving quickly.
The gnoll hits you from afar with a +0 spear!
The gnoll barely misses you.
You barely miss the gnoll.
The gnoll is heavily wounded.
The gnoll hits you from afar with a +0 spear.
* * * LOW HITPOINT WARNING * * *
You barely miss the gnoll.
The gnoll is heavily wounded.
The gnoll barely misses you.
The gnoll hits you from afar with a +0 spear.
* * * LOW HITPOINT WARNING * * *
You closely miss the gnoll.
The gnoll is heavily wounded.
The gnoll hits you with a +0 spear!
* * * LOW HITPOINT WARNING * * *
The gnoll hits you from afar with a +0 spear.
* * * LOW HITPOINT WARNING * * *
It was a potion of curing.
You feel better. The gnoll hits you with a +0 spear.
* * * LOW HITPOINT WARNING * * *
The gnoll hits you but does no damage.
It was a potion of brilliance.
You feel clever all of a sudden. The gnoll hits you with a +0 spear.
You die...

## #.## ' #..# ##### ..
##..# #...## .. ##..#
#....## '# ##..#
##....## .#
##..#####....#####..#
##.............)hgg.#
##...######...#####.'..'
...### ##.## ..# ...###
### # .....### .......##
#.......# ##......#
#......#


You could see 2 gnolls.

Vanquished Creatures
  Grinder (D:4)
  A bombardier beetle (D:4)
  3 jellies
  A gnoll bouda (D:4)
  5 adders
  2 gnolls (D:4)
  2 dart slugs
  2 ribbon worms
  8 endoplasms
  6 giant cockroaches
  7 goblins
  12 hobgoblins
  5 jackals
  11 kobolds
  2 quokkas
  4 ball pythons
  11 bats
  6 rats
89 creatures vanquished.

Notes
Turn   | Place    | Note
-------+----------+-------------------------------------------
     0 | D:1      | bearlyready the Troll Shapeshifter began the quest for the
                  | Orb.
     0 | D:1      | Reached XP level 1. HP: 18/18 MP: 0/0
    43 | D:1      | Found a faded altar of an unknown god.
   277 | D:1      | Reached XP level 2. HP: 26/26 MP: 1/1
   431 | D:1      | Reached XP level 3. HP: 32/32 MP: 2/2
   923 | D:2      | Found a hide-covered altar of Uskayaw.
   963 | D:2      | Reached skill level 4 in Unarmed Combat
   967 | D:2      | Reached XP level 4. HP: 40/40 MP: 3/3
  1624 | D:3      | Reached XP level 5. HP: 46/46 MP: 4/4
  2287 | D:4      | Reached skill level 5 in Unarmed Combat
  2431 | D:4      | Noticed Grinder
  2454 | D:4      | Killed Grinder
  2455 | D:4      | Reached skill level 5 in Shapeshifting
  2455 | D:4      | Reached XP level 6. HP: 54/54 MP: 5/5
  2819 | D:4      | Reached skill level 6 in Unarmed Combat
  2825 | D:4      | Reached XP level 7. HP: 37/61 MP: 6/6
  2831 | D:4      | Slain by a gnoll

Illustrated notes

Levels and vault maps discovered:
D:1:      nzn_arrival_water_spiral, layout_basic,
          shapermc_ecumenical_altar_petra
D:2:      layout_rooms, basic_altar, chequers_serial_rivers_small_3
D:3:      layout_loops_ring
D:4:      layout_cave_pods, mainiacjoe_overflow_24_doors,
          nicolae_houndstooth_variations, uniq_grinder

Skill      XL: |  1  2  3  4  5  6 |
---------------+-------------------+-----
Unarmed Combat | 4 5 6 |  6.0
Shapeshifting  | 4 5 |  5.6
Fighting       | |  0.7
Dodging        | |  1.5

Action                     |  1- 3 |  4- 6 |  7- 9 || total
---------------------------+-------+-------+-------++-------
  Melee: Unarmed           |    91 |    99 |     4 ||   194
         Punch             |       |     2 |       ||     2
    Use: Potion            |       |     1 |     2 ||     3
 Armour: Animal skin       |    55 |    46 |    10 ||   111
         Skin              |       |    12 |       ||    12
  Dodge: Dodged            |    38 |    26 |     2 ||    66
